 Dungeon Sprint DCSS version 0.25-a0-1071-g2607d5cfa1 (webtiles) character file.

Game seed: 5736139389867566947, levelgen mode: deterministic

5747 Conn the Thaumaturge (level 10, -3/65 HPs)
             Began as an Octopode Fire Elementalist on May 14, 2020.
             Was a High Priest of Sif Muna.
             Slain by a skeletal warrior
             ... wielding a cursed -3 trident
              (27 damage)
             ... in the Dungeon (Sprint VII: "The Pits").
             The game lasted 00:25:07 (2608 turns).

Conn the Thaumaturge (Octopode Fire Elementalist)   Turns: 2608, Time: 00:25:08

Health: -3/65      AC:  1    Str:  9    XL:     10   Next: 77%
Magic:  5/26       EV: 15    Int: 23    God:    Sif Muna [*****.]
Gold:   0          SH:  0    Dex: 12    Spells: 5/33 levels left

rFire    . . .     SeeInvis .   r - +2 halberd "Rereufap" {vorpal, +Rage rC+ Int+3}
rCold    + . .     Gourm    .   (shield currently unavailable)
rNeg     . . .     Faith    .   (helmet restricted)
rPois    .         Spirit   .   (no amulet)
rElec    .         Reflect  .   (no ring)
rCorr    .         Harm     .   (no ring)
MR       .....     NoTele   +   (no ring)
Stlth    +++++.....             (no ring)
HPRegen  0.20/turn              (no ring)
MPRegen  0.20/turn              (no ring)
                                (no ring)
                                (no ring)

@: brilliant
A: almost no armour, stealthy swim, amphibious, 8 rings, constrict 8, camouflage
1, gelatinous body 1
a: Channel Magic, Forget Spell, Divine Exegesis, Renounce Religion, Evoke
Berserk Rage


You were in the Dungeon.
You worshipped Sif Muna.
Sif Muna was extremely pleased with you.
You were not hungry.

You visited 1 branch

Inventory:

Hand Weapons
 a - a +2 dagger
 d - a +2 short sword of freezing
 n - a +2 long sword of flaming
 o - a +0 dagger of draining
 r - the +2 halberd "Rereufap" (weapon) {vorpal, +Rage rC+ Int+3}
   (You found it in the Dungeon)

   It inflicts extra damage upon your enemies.
   It affects your intelligence (+3).
   It protects you from cold.
   It lets you go berserk.
Jewellery
 e - a +3 ring of intelligence
 l - a +3 ring of evasion
Scrolls
 j - 3 scrolls of remove curse
 k - 5 scrolls of amnesia
Potions
 c - 8 potions of curing
 f - 3 potions of magic
 g - 3 potions of berserk rage
 m - 2 potions of heal wounds
 q - 2 potions of mutation
Comestibles
 b - 8 rations
 h - 4 chunks of flesh


   Skills:
 * Level 4.8 Fighting
 + Level 5.4(5.7) Short Blades
 + Level 2.7(4.4) Long Blades
 + Level 1.2 Polearms
 * Level 5.5 Dodging
 + Level 9.5 Stealth
 * Level 12.3 Spellcasting
 + Level 10.3 Conjurations
 + Level 0.1 Hexes
 - Level 1.3 Transmutations
 * Level 11.1 Fire Magic
 * Level 4.8 Air Magic
 + Level 5.0 Earth Magic
 + Level 0.2 Poison Magic
 - Level 8.2 Invocations


You had 5 spell levels left.
You knew the following spells:

 Your Spells              Type           Power        Failure   Level  Hunger
a - Foxfire               Conj/Fire      ####         1%          1    None
b - Conjure Flame         Conj/Fire      #######.     1%          3    None
c - Inner Flame           Hex/Fire       ######..     1%          3    None
d - Sticky Flame          Conj/Fire      #######.     1%          4    None
e - Fireball              Conj/Fire      #######...   1%          5    None
f - Airstrike             Air            ######....   6%          4    None
g - Stone Arrow           Conj/Erth      ######       1%          3    None
h - Passwall              Tmut/Erth      #####...     1%          2    None
i - Mephitic Cloud        Conj/Pois/Air  ######..     1%          3    None

Your spell library contained the following spells:

 Spells                   Type           Power        Failure   Level  Hunger
 Dazzling Flash           Conj/Hex       ######       1%          3    None
 Sting                    Tmut/Pois      ####         3%          1    None
 Corona                   Hex            ###....      4%          1    None
 Summon Small Mammal      Summ           ###.         4%          1    None
 Lightning Bolt           Conj/Air       ######....   5%          5    None
 Ensorcelled Hibernation  Hex/Ice        ###...       7%          2    None
 Confusing Touch          Hex            ###.....     13%         3    None
 Recall                   Summ/Tloc      N/A          13%         3    None
 Tukima's Dance           Hex            ###.....     13%         3    None
 Summon Lightning Spire   Summ/Air       #####...     16%         4    None
 Iron Shot                Conj/Erth      ######....   28%         6    None
 Statue Form              Tmut/Erth      #####....    88%         6    None
 Eringya's Noxious Bog    Tmut/Pois      ####......   99%         6    None
 Spellforged Servitor     Conj/Summ      ######....   99%         7    None
 Shadow Creatures         Summ           N/A          100%        6    None
 Malign Gateway           Summ/Tloc      ###.......   100%        7    None
 Summon Greater Demon     Summ           ###.......   100%        7    None
 Summon Hydra             Summ           ###.......   100%        7    None


Dungeon Overview and Level Annotations

Branches:
Dungeon (1/1)

Altars:
Ashenzari
Cheibriados
Dithmenos
Elyvilon
Fedhas
Gozag
Hepliaklqana
Kikubaaqudgha
Makhleb
Nemelex Xobeh
Okawaru
Qazlal
Ru
Sif Muna
Trog
Uskayaw
Vehumet
Wu Jian
Xom
Yredelemnul
Zin
The Shining One
Beogh
Jiyva
Lugonu


Innate Abilities, Weirdness & Mutations

You cannot wear most types of armour.
You are very stealthy in the water. (Stealth+)
You are amphibious.
You can wear up to eight rings at the same time.
You can use your tentacles to constrict eight enemies at once.
Your skin changes colour to match your surroundings (Stealth+).
Your rubbery body absorbs attacks. (AC +1, EV +1)


Message History

The fireball engulfs the spiny frog!!
You kill the spiny frog!
Sif Muna accepts your kill.
The fireball engulfs the hellwing!!
The hellwing is heavily wounded.
The skeletal warrior hits you from afar with a cursed -3 trident!
Casting: Fireball (dangerous; 1% risk of failure)
Confirm with . or Enter, or press ? or * to list all spells.
Aiming: Fireball (dangerous; 1% risk of failure)
Press: ? - help, Shift-Dir - straight line, f/p - skeletal warrior
Aim: a skeletal warrior, wielding a -3 trident (moderately damaged)
You feel a surge of power!
The fireball explodes!
The fireball engulfs the skeletal warrior!!
The skeletal warrior is severely damaged.
The fireball engulfs the skeletal warrior!!
The skeletal warrior is moderately damaged.
The fireball engulfs the hellwing.
The hellwing is heavily wounded.
The skeletal warrior hits you from afar with a cursed -3 trident!!
You die...

................+
).(.............+
.....(#).#......#
.......(........#
###'#####('######
.......##''################
.......##..).......#......#
.......##..........'......# .
...<...##..#####@..#####'##....
.......##..'...#..............Y.
.......##..#...#4z......##+##...
.......##..#...#z#####..#
#########..#####zz.z4#..#
#########........#.z.+..#
..#..[[##........#.z.#...
..#..[[###'###...# ..#....
..'..))##.)..'...# ###...##


You could see 4 skeletal warriors and a hellwing.

Vanquished Creatures
  A two-headed ogre (D)
  2 deep trolls (D)
  A swamp dragon (D)
  A lindwurm (D)
  An orc knight (D)
  A spiny frog (D)
  A red devil (D)
  5 dream sheep (D)
  A shadow (D)
  A basilisk (D)
  A floating eye (D)
  Duvessa (D)
  An orc warrior (D)
  A black bear (D)
  2 centaurs (D)
  A bullfrog (D)
  Dowan (D)
  4 killer bees (D)
  4 wights (D)
  A crimson imp (D)
  An iron imp (D)
  A worker ant (D)
  A river rat (D)
  An ufetubus (D)
  An adder skeleton (D)
  A leopard gecko (D)
  3 orcs (D)
  A bat skeleton (D)
  A giant cockroach (D)
  A hobgoblin (D)
  7 jackals (D)
  2 quokkas (D)
  2 ball pythons (D)
  A ball python zombie (D)
  A frilled lizard (D)
57 creatures vanquished.

Vanquished Creatures (others)
  135 foxfires (D)
135 creatures vanquished.

Grand Total: 192 creatures vanquished

Notes
Turn   | Place    | Note
-------+----------+-------------------------------------------
     0 | D        | Conn the Octopode Fire Elementalist began the quest for the
                  | Orb.
     0 | D        | Reached XP level 1. HP: 11/11 MP: 3/3
    46 | D        | Found a bloodstained altar of Trog.
    46 | D        | Found a shimmering blue altar of Sif Muna.
    46 | D        | Found a viscous altar of Jiyva.
    46 | D        | Found a hazy altar of Hepliaklqana.
    46 | D        | Found an opulent altar of Gozag.
    47 | D        | Found a glowing golden altar of the Shining One.
    47 | D        | Found a glowing silver altar of Zin.
    47 | D        | Found a basalt altar of Yredelemnul.
    47 | D        | Found a shimmering altar of Xom.
    47 | D        | Found an ornate altar of the Wu Jian Council.
    47 | D        | Found a sacrificial altar of Ru.
    47 | D        | Found a stormy altar of Qazlal.
    47 | D        | Found an iron altar of Okawaru.
    47 | D        | Found a sparkling altar of Nemelex Xobeh.
    47 | D        | Found a burning altar of Makhleb.
    47 | D        | Found a blossoming altar of Fedhas.
    47 | D        | Found a white marble altar of Elyvilon.
    47 | D        | Found a shadowy altar of Dithmenos.
    47 | D        | Found a snail-covered altar of Cheibriados.
    48 | D        | Found a radiant altar of Vehumet.
    48 | D        | Found a corrupted altar of Lugonu.
    48 | D        | Found a roughly hewn altar of Beogh.
    49 | D        | Found an ancient bone altar of Kikubaaqudgha.
    49 | D        | Found a hide-covered altar of Uskayaw.
    49 | D        | Found a shattered altar of Ashenzari.
    50 | D        | Became a worshipper of Sif Muna the Loreminder
    99 | D        | Reached * piety under Sif Muna
    99 | D        | Reached XP level 2. HP: 18/18 MP: 5/5
   114 | D        | Reached ** piety under Sif Muna
   116 | D        | Reached skill level 3 in Spellcasting
   120 | D        | Reached skill level 1 in Fighting
   122 | D        | Reached *** piety under Sif Muna
   135 | D        | Reached XP level 3. HP: 23/23 MP: 7/7
   226 | D        | Reached **** piety under Sif Muna
   226 | D        | Reached skill level 1 in Short Blades
   261 | D        | Learned a level 3 spell: Conjure Flame
   265 | D        | Learned a level 3 spell: Inner Flame
   284 | D        | Reached XP level 4. HP: 28/28 MP: 0/9
   323 | D        | Reached skill level 4 in Spellcasting
   323 | D        | Reached skill level 5 in Fire Magic
   437 | D        | Reached skill level 1 in Long Blades
   437 | D        | Reached skill level 5 in Stealth
   437 | D        | Reached XP level 5. HP: 35/35 MP: 1/12
   553 | D        | Reached skill level 5 in Spellcasting
   641 | D        | Reached ***** piety under Sif Muna
   642 | D        | Noticed Duvessa
   643 | D        | Noticed Dowan
   722 | D        | Killed Duvessa
   722 | D        | Identified Sif Muna's Almanac of the Aerial Entourage (Sif
                  | Muna gifted it to you in the Dungeon)
   722 | D        | Received a gift from Sif Muna
   722 | D        | Reached skill level 6 in Spellcasting
   722 | D        | Reached skill level 5 in Conjurations
   722 | D        | Reached XP level 6. HP: 42/42 MP: 5/15
   814 | D        | Noticed a black bear
   822 | D        | Killed a black bear
   874 | D        | Killed Dowan
   874 | D        | Reached skill level 7 in Spellcasting
   874 | D        | Reached XP level 7. HP: 47/47 MP: 13/17
   905 | D        | Learned a level 4 spell: Sticky Flame
   911 | D        | Learned a level 5 spell: Fireball
   916 | D        | Learned a level 4 spell: Airstrike
   971 | D        | Reached skill level 1 in Invocations
  1050 | D        | Noticed an orc knight
  1074 | D        | Killed an orc knight
  1074 | D        | Reached skill level 8 in Spellcasting
  1074 | D        | Reached XP level 8. HP: 46/54 MP: 18/20
  1084 | D        | Identified Sif Muna's Incunabulum of the Rocks (Sif Muna
                  | gifted it to you in the Dungeon)
  1084 | D        | Received a gift from Sif Muna
  1089 | D        | Noticed a deep troll
  1089 | D        | Noticed a swamp dragon
  1116 | D        | Killed a swamp dragon
  1116 | D        | Reached skill level 5 in Short Blades
  1116 | D        | Reached skill level 9 in Spellcasting
  1184 | D        | Killed a deep troll
  1184 | D        | Reached skill level 10 in Spellcasting
  1184 | D        | Reached skill level 5 in Invocations
  1184 | D        | Reached XP level 9. HP: 44/58 MP: 10/23
  1391 | D        | Got the +2 halberd "Rereufap" {vorpal, +Rage rC+ Int+3}
  1398 | D        | Learned a level 3 spell: Stone Arrow
  1401 | D        | Learned a level 2 spell: Passwall
  1456 | D        | Noticed a two-headed ogre
  1480 | D        | Killed a two-headed ogre
  1480 | D        | Reached skill level 5 in Dodging
  1759 | D        | Noticed a lindwurm
  1767 | D        | Received a gift from Sif Muna
  1773 | D        | Killed a lindwurm
  1773 | D        | Reached skill level 11 in Spellcasting
  1773 | D        | Reached skill level 10 in Fire Magic
  1773 | D        | Reached XP level 10. HP: 49/65 MP: 2/25
  2112 | D        | Reached skill level 10 in Conjurations
  2115 | D        | Identified Ufowoh's Compendium of Moulding and Poison (Sif
                  | Muna gifted it to you in the Dungeon)
  2115 | D        | Received a gift from Sif Muna
  2123 | D        | Reached skill level 5 in Earth Magic
  2135 | D        | Reached skill level 12 in Spellcasting
  2386 | D        | Learned a level 3 spell: Mephitic Cloud
  2396 | D        | Noticed a deep troll
  2421 | D        | Killed a deep troll
  2421 | D        | Identified Gyraphaf's Incunabulum of Companions (Sif Muna
                  | gifted it to you in the Dungeon)
  2421 | D        | Received a gift from Sif Muna
  2421 | D        | Reached skill level 1 in Polearms
  2421 | D        | Reached skill level 1 in Transmutations
  2598 | D        | Noticed a spiny frog
  2598 | D        | Noticed a skeletal warrior
  2598 | D        | Noticed a skeletal warrior
  2598 | D        | Noticed a skeletal warrior
  2598 | D        | Noticed a skeletal warrior
  2598 | D        | Noticed a skeletal warrior
  2607 | D        | Killed a spiny frog
  2608 | D        | Slain by a skeletal warrior

Illustrated notes

Levels and vault maps discovered:
D:        pitsprint [storerooms_1, entrance_room_1, metal_vault_8, armoury_2,
          mini_pit_1, grid_room_1, main_hall_1, silver_pit, the_coven_1,
          the_vestibule_1, steel_vault_2, golden_pit, hallway_of_sentries,
          crystal_vault_1, iron_vault_4, final_vault]

Skill      XL: |  1  2  3  4  5  6  7  8  9 10 |
---------------+-------------------------------+-----
Stealth        | 3 4 5 6 7 8 9 |  9.5
Fire Magic     | 4 5 6 7 8 10 11 | 11.1
Spellcasting   | 3 4 6 7 8 10 11 12 | 12.3
Fighting       | 1 2 3 4 |  4.8
Short Blades   | 1 2 4 5 |  5.4
Conjurations   | 2 3 5 6 8 9 10 | 10.3
Dodging        | 3 4 5 |  5.5
Long Blades    | 1 2 |  2.7
Invocations    | 3 5 7 8 |  8.2
Air Magic      | 3 4 |  4.8
Earth Magic    | 3 5 |  5.0
Polearms       | 1 |  1.2
Transmutations | 1 |  1.3
Hexes          | |  0.1
Poison Magic   | |  0.2

Action                   |  1- 3 |  4- 6 |  7- 9 | 10-12 || total
-------------------------+-------+-------+-------+-------++-------
Melee: Dagger            |    33 |       |       |       ||    33
       Constrict         |    10 |       |     3 |       ||    13
       Tentacles         |     4 |       |     1 |       ||     5
       Long sword        |     3 |       |       |       ||     3
       Short sword       |       |       |     9 |     2 ||    11
       Halberd           |       |       |       |     6 ||     6
 Cast: Foxfire           |     9 |    28 |    37 |     9 ||    83
       Conjure Flame     |     1 |     4 |     6 |       ||    11
       Inner Flame       |     1 |     1 |       |       ||     2
       Sticky Flame      |       |       |     2 |     2 ||     4
       Fireball          |       |       |     9 |     8 ||    17
       Airstrike         |       |       |       |     6 ||     6
       Stone Arrow       |       |       |       |     5 ||     5
       Mephitic Cloud    |       |       |       |     2 ||     2
Invok: Channel Magic     |       |       |     1 |       ||     1
  Use: Potion            |     1 |       |     6 |     8 ||    15
       Scroll            |       |       |     2 |       ||     2
 Stab: Sleeping          |     2 |       |     2 |       ||     4
       Invisible         |       |       |     2 |     1 ||     3
  Eat: Chunk             |       |       |     5 |     1 ||     6
       Ration            |       |       |       |     1 ||     1
Armor: Skin              |     5 |       |     1 |     1 ||     7
Dodge: Dodged            |    20 |     4 |     7 |    43 ||    74
       Rpst.: Long sword |     2 |     1 |       |       ||     3

Table legend:
 A = Non-vault XP
 B = Vault XP
 C = Vault XP percentage of total XP
 D = Non-vault monster count
 E = Vault monster count
 F = Vault count percentage of total count
                 A         B        C        D         E       F
            +---------+---------+-------+---------+---------+-------
      Total |       0 |    8211 | 100.0 |       0 |      57 | 100.0
            +---------+---------+-------+---------+---------+-------
          D |       0 |    8211 | 100.0 |       0 |      57 | 100.0
            +---------+---------+-------+---------+---------+-------
